 Dungeon Crawl Stone Soup version 0.27-a0-819-g058290f16d (webtiles) character file.

Game seed: 11949137974400957353

15 bilbop the Grave Robber (level 2, 0/20 HPs)
             Began as a Hill Orc Necromancer on Mar 30, 2021.
             Slain by a jackal (1 damage)
             ... on level 2 of the Dungeon.
             The game lasted 00:07:52 (413 turns).

bilbop the Grave Robber (Hill Orc Necromancer)       Turns: 413, Time: 00:07:53

Health: 0/20       AC:  2    Str: 10    XL:     2   Next: 50%
Magic:  0/4        EV: 12    Int: 15    God:
Gold:   10         SH:  0    Dex: 11    Spells: 2/4 levels left

rFire    . . .     SeeInvis .   b - +0 dagger
rCold    . . .     Faith    .   (no shield)
rNeg     . . .     Spirit   .   a - +0 robe
rPois    .         Reflect  .   (no helmet)
rElec    .         Harm     .   (no cloak)
rCorr    .         Rampage  .   (no gloves)
Will     .....                  (no boots)
Stlth    ++........             (no amulet)
HPRegen  0.06/turn              (no ring)
MPRegen  0.09/turn              (no ring)

@: no status effects
A: no striking features
a: no special abilities


You were on level 2 of the Dungeon.
You visited 1 branch of the dungeon, and saw 2 of its levels.

You collected 10 gold pieces.

Inventory:

Hand Weapons
 b - a +0 dagger (weapon)
Armour
 a - a +0 robe (worn)
 c - a +0 scale mail


   Skills:
 + Level 1.8 Dodging
 + Level 1.9 Stealth
 + Level 1.8 Spellcasting
 + Level 4.1 Necromancy


You had 2 spell levels left.
You knew the following spells:

 Your Spells              Type           Power      Damage    Failure   Level
a - Pain                  Necr           52%        1d6       4%          1
b - Animate Skeleton      Necr           26%        N/A       4%          1

Your spell library contained the following spells:

 Spells                   Type           Power      Damage    Failure   Level
 Vampiric Draining        Necr           6%         2d6       12%         3
 Animate Dead             Necr           6%         N/A       38%         4
 Agony                    Necr           13%        N/A       75%         5


Dungeon Overview and Level Annotations

Branches:
Dungeon (2/15)

Altars:


Message History

The giant cockroach is heavily wounded.
The giant cockroach barely misses you.
You barely miss the giant cockroach.
The giant cockroach is heavily wounded.
The jackal barks!
You hear a shout!
The giant cockroach barely misses you.
The giant cockroach bites you but does no damage.
You completely miss the giant cockroach.
The giant cockroach is heavily wounded.
The giant cockroach bites you.
* * * LOW HITPOINT WARNING * * *
The giant cockroach closely misses you.
There is a stone staircase leading down here.
Aiming: Pain (safe; 4% risk of failure)
Press: ? - help, Q - select action, (/) - cycle Shift-Dir - straight line, f/p - giant cockroach
Aim: a giant cockroach (heavily wounded, chance to affect: 83%)
The giant cockroach writhes in agony.
You kill the giant cockroach!
The jackal bites you.
* * * LOW HITPOINT WARNING * * *
You climb downwards.
Found 2 gold pieces and an encrusted ruby ring.
Found a stone staircase leading up.
There is a stone staircase leading up here.
You hit the jackal.
The jackal is severely wounded.
The jackal barely misses you. The jackal closely misses you.
You closely miss the jackal.
The jackal is severely wounded.
The jackal closely misses you.
You hit the jackal.
The jackal is almost dead.
The jackal bites you.
* * * LOW HITPOINT WARNING * * *
Aiming: Pain (safe; 4% risk of failure)
Press: ? - help, Q - select action, (/) - cycle Shift-Dir - straight line, f - jackal
Aim: a jackal (almost dead, chance to affect: 83%)
The jackal barely resists.
The jackal bites you.
You die...

#
#..##.####.##..
#.<.=.h@.......
#...#.####.#.#.
. .. ... ##. #


You could see a jackal.

Vanquished Creatures
  An endoplasm (D:1)
  2 giant cockroaches (D:1)
  A goblin (D:1)
  2 hobgoblins (D:1)
  3 jackals (D:1)
  A kobold (D:1)
  2 frilled lizards (D:1)
12 creatures vanquished.

Notes
Turn   | Place    | Note
-------+----------+-------------------------------------------
     0 | D:1      | bilbop the Hill Orc Necromancer began the quest for the
                  | Orb.
     0 | D:1      | Reached XP level 1. HP: 14/14 MP: 3/3
   284 | D:1      | Reached XP level 2. HP: 17/20 MP: 1/4
   329 | D:1      | Learned a level 1 spell: Animate Skeleton
   412 | D:2      | HP: 1/20 [jackal (1)]
   413 | D:2      | Slain by a jackal

Illustrated notes

Levels and vault maps discovered:
D:1:      minmay_arrival_statue_studded, layout_rooms, minmay_tall_x
D:2:      layout_loops_cross, old_standard_altar,
          pdpol_wu_jian_five_deadly_venoms, serial_shops, shop,
          kennysheep_generic_room_9, uniq_terence, uniq_crazy_yiuf_cottage

Action                   || total
-------------------------++-------
Melee: Long sword        ||     3
       Dagger            ||    26
 Cast: Pain              ||    13
       Animate Skeleton  ||     1
Armor: Scale mail        ||     1
       Robe              ||     5
Dodge: Dodged            ||    26
       Rpst.: Long sword ||     1

Table legend: (Time is in decaauts)
 A = Elapsed time spent in this place.
 B = Non-inter-level travel time spent in this place.
 C = Inter-level travel time spent in this place.
 D = Time resting spent in this place.
 E = Time spent auto-exploring this place.
 F = Levels seen in this place.
 G = Mean time per level.
                   A        B        C        D        E       F      G
               +--------+--------+--------+--------+--------+-----+--------+
         Total |    413 |    406 |      7 |    224 |     56 |   2 |  206.5 |
       Dungeon |    413 |    406 |      7 |    224 |     56 |   2 |  206.5 |
               +--------+--------+--------+--------+--------+-----+--------+

Top non-repeatable levels by time:
     D:1: 409 daAuts
     D:2: 3 daAuts
